AoeStats
← x Turbo0

Arena

506582875Analyzed
1v1 RM · 18d ago on Sep 14, 2026· 28m 28s· 2 players
Game mode
Random Map
Map size
Tiny (2 player)
Population
200
Speed
Normal
Resources
Standard
Victory
Conquest
Starting age
Dark Age
Ending age
Imperial Age
RankedLock teamsTeams togetherTeam positionsShared explorationLock speedFull tech treeHidden civsTurbo modeCheats
Victory
Defeat
🇹🇼 Turks · Taiwan
1016
+18
🇲🇽 Spanish · Mexico
1065
-18
darrencool820518
11:57 Feudal Age
16:40 Castle Age
15:01 Double-Bit Axe
17:48 Loom
20:52 Imperial Age
18:47 Gold Mining
25:58 Fletching
x Turbo0
11:38 Feudal Age
13:00 Wheelbarrow
13:07 Horse Collar
13:34 Double-Bit Axe
13:41 Loom
16:34 Castle Age
16:01 Town Watch
17:33 Bow Saw
18:58 Gold Mining
19:39 Fletching
19:55 Padded Archer Armor
20:36 Fletching
22:47 Leather Archer Armor
23:20 Bodkin Arrow
Connection lost

Rejoining the realm…

Still unreachable

The connection could not be restored.

Session expired

The server has moved on; the page needs a fresh start.